AoeStats
← AiM | Natural Killer

Hideout

508694632Analyzed
1v1 RM · 10d ago on Sep 23, 2026· 37m 35s· 2 players
Game mode
Random Map
Map size
Tiny (2 player)
Population
200
Speed
Normal
Resources
Standard
Victory
Conquest
Starting age
Dark Age
Ending age
Imperial Age
RankedLock teamsTeams togetherTeam positionsShared explorationLock speedFull tech treeHidden civsTurbo modeCheats
Victory
Defeat
🇨🇱 Saxons · Chile
1623
+19
🇧🇷 Malay · Brazil
1678
-19
AiM | Natural Killer
6:52 Loom
9:10 Feudal Age
9:18 Man-at-Arms
11:22 Double-Bit Axe
12:47 Wheelbarrow
15:26 Fletching
23:21 Castle Age
22:14 Horse Collar
23:03 Scale Mail Armor
22:55 Gold Mining
23:34 Crossbowman
26:59 Forging
32:44 Iron Casting
32:24 Chain Mail Armor
34:28 Squires
34:15 Arson
34:16 Gambesons
El Procurador
7:09 Loom
9:34 Feudal Age
9:18 Man-at-Arms
11:10 Double-Bit Axe
17:45 Town Watch
18:59 Fletching
24:13 Castle Age
22:23 Horse Collar
23:39 Forging
23:55 Bodkin Arrow
23:33 Long Swordsman
27:06 Bow Saw
27:36 Wheelbarrow
32:44 Squires
32:32 Arson
Connection lost

Rejoining the realm…

Still unreachable

The connection could not be restored.

Session expired

The server has moved on; the page needs a fresh start.